 Dungeon Crawl Stone Soup version 0.15.0-27-gbdb0435 (webtiles) character file.

131 Rhoefr the Changer (level 5, 0/33 HPs)
             Began as an Octopode Transmuter on Sept 11, 2014.
             Slain by WhatIsLove's ghost (6 damage)
             ... on Level 3 of the Dungeon.
             The game lasted 00:14:29 (3431 turns).

Rhoefr the Changer (Octopode Transmuter)            Turns: 3431, Time: 00:14:29

HP   0/33        AC  1     Str 10      XL: 5   Next: 14%
MP   7/9         EV 11     Int 16      God:
Gold 153         SH  3     Dex 12      Spells:  3 memorised,  2 levels left

rFire  . . .     SeeInvis .       - Unarmed
rCold  . . .     Clarity  .     m - +0 buckler
rNeg   . . .     rCorr    .     (helmet restricted)
rPois  .         rRot     .     (no amulet)
rElec  .         Spirit   .     (no ring)
SustAb .         Warding  .     (no ring)
rMut   .         Stasis   .     (no ring)
Gourm  .                        (no ring)
MR     .....                    (no ring)
                                (no ring)
                                (no ring)
                                (no ring)

@: glowing, not resistant to hostile enchantments, very unstealthy
A: almost no armour, amphibious, 8 rings, constrict 8, camouflage 1, gelatinous
body 1
a: no special abilities


You were on level 3 of the Dungeon.
You were hungry.

You visited 1 branch of the dungeon, and saw 3 of its levels.

You collected 153 gold pieces.

Inventory:

Missiles
 b - 6 arrows
Armour
 m - a +0 buckler (worn)
Comestibles
 a - 3 bread rations
 n - a chunk of human flesh
Scrolls
 e - a scroll of blinking
 g - a scroll of remove curse
 i - a scroll of teleportation
Potions
 c - 3 potions of heal wounds
 f - a potion of curing {unknown}
 h - a potion of flight {unknown}
 j - a potion of invisibility
 k - a potion of lignification {unknown}
 l - a potion of cancellation {unknown}
Books
 d - a book of Changes

   Spells                             Type                      Level
   *Beastly Appendage                 Transmutation                1
   *Sticks to Snakes                  Transmutation                2
   *Spider Form                       Transmutation/Poison         3
   Ice Form                           Ice/Transmutation            4
   Blade Hands                        Transmutation                5


   Skills:
 - Level 1.0 Fighting
 - Level 2.0 Dodging
 - Level 4.0 Unarmed Combat
 - Level 2.0 Spellcasting
 + Level 4.4 Transmutations


You had 2 spell levels left.
You knew the following spells:

 Your Spells              Type           Power        Failure   Level  Hunger
a - Beastly Appendage     Trmt           ###...       6%          1    #......
b - Sticks to Snakes      Trmt           ###.......   10%         2    ###....
s - Spider Form           Trmt/Pois      #.........   34%         3    ####...


Dungeon Overview and Level Annotations

Branches:
Dungeon (3/15)

Altars:
Okawaru

Annotations:
D:3 WhatIsLove's ghost, weakling CeAM


Innate Abilities, Weirdness & Mutations

You cannot wear most types of armour.
You are amphibious.
You can wear up to eight rings at the same time.
You can use your tentacles to constrict many enemies at once.
Your skin changes colour to match your surroundings (Stealth).
Your rubbery body absorbs attacks (AC +1).


Message History

WhatIsLove's ghost gestures at you while chanting.
You are outlined in light.
WhatIsLove's ghost barely misses you.
You hit WhatIsLove's ghost but do no damage.
WhatIsLove's ghost is moderately damaged.
WhatIsLove's ghost misses you.
You hit WhatIsLove's ghost but do no damage.
WhatIsLove's ghost is moderately damaged.
WhatIsLove's ghost hits you!
* * * LOW HITPOINT WARNING * * *
You are too injured to fight recklessly!
You are too injured to fight recklessly!
You bite WhatIsLove's ghost!
WhatIsLove's ghost is heavily damaged.
Your transformation has ended.
Your +0 buckler unmelds from your body.
Switch back to main weapon? [Y]es or [N]o only, please.
Switch back to main weapon?
WhatIsLove's ghost hits you.
You die...

#######.#...##########.#
#[#...# #.... #.#...#
#._.. #.##### #.... #.#
#.... #########.#######
#.... ...W............#
###.# #########.#####..
##.# #@# #.). #W# #...
#g# #... #.# ##.# ...
#... #.. #... #.. #...
#... ##.# #.. #.#


You could see WhatIsLove's ghost and a goblin.

Vanquished Creatures
  An orc priest (D:3)
  Jessica (D:3)
  2 adders
  An inept item mimic (D:3)
  3 orcs (D:3)
  A ball python (D:3)
  5 giant cockroaches
  9 goblins
  8 hobgoblins
  3 jackals (D:3)
  4 kobolds
  A quokka (D:3)
  6 bats
  4 giant newts
  4 rats
53 creatures vanquished.

Vanquished Creatures (collateral kills)
  A worm (D:2)
1 creature vanquished.

Grand Total: 54 creatures vanquished

Notes
Turn   | Place    | Note
--------------------------------------------------------------
     0 | D:1      | Rhoefr, the Octopode Transmuter, began the quest for the Orb.
     0 | D:1      | Reached XP level 1. HP: 13/13 MP: 3/3
   147 | D:1      | Reached XP level 2. HP: 8/18 MP: 2/4
   316 | D:1      | Learned a level 2 spell: Sticks to Snakes
  1202 | D:1      | Reached skill level 4 in Unarmed Combat
  1294 | D:2      | Reached XP level 3. HP: 21/23 MP: 1/6
  1344 | D:2      | Learned a level 3 spell: Spider Form
  2573 | D:3      | Reached XP level 4. HP: 19/28 MP: 3/7
  3108 | D:3      | Found an iron altar of Okawaru.
  3160 | D:3      | Noticed Jessica
  3294 | D:3      | Killed Jessica
  3294 | D:3      | Reached XP level 5. HP: 24/33 MP: 2/9
  3406 | D:3      | Noticed a phantom
  3424 | D:3      | Noticed WhatIsLove's ghost (weakling CeAM)
  3431 | D:3      | Slain by WhatIsLove's ghost

Action                   |  1- 3 |  4- 6 || total
-------------------------+-------+-------++-------
Melee: Unarmed           |    81 |    56 ||   137
 Cast: Beastly Appendage |    26 |     6 ||    32
       Sticks to Snakes  |     5 |     1 ||     6
       Spider Form       |     1 |     3 ||     4
  Use: Scroll            |     9 |       ||     9
       Potion            |     1 |       ||     1
 Stab: Sleeping          |     4 |     1 ||     5
  Eat: Chunk             |     4 |       ||     4
       Meat ration       |     1 |       ||     1
